 Dungeon Crawl Stone Soup version 0.25-a0-1002-gbcf8c60d55 (webtiles) character file.

Game seed: 4104188491403675211, levelgen mode: deterministic

59 Gumption the Ruffian (level 4, -1/39 HPs)
             Began as a Naga Transmuter on May 10, 2020.
             Slain by Purgy (9 damage)
             ... in a sewer.
             The game lasted 00:33:05 (3097 turns).

Gumption the Ruffian (Naga Transmuter)              Turns: 3097, Time: 00:33:06

Health: -1/39      AC:  4    Str: 13    XL:     4   Next: 3%
Magic:  3/7        EV: 10    Int: 13    God:
Gold:   53         SH:  0    Dex: 12    Spells: 4/7 levels left

rFire    . . .     SeeInvis +   a - +0 dagger
rCold    . . .     Gourm    .   (no shield)
rNeg     . . .     Faith    .   b - +0 robe
rPois    +         Spirit   .   (no helmet)
rElec    .         Reflect  .   c - +1 cloak
rCorr    .         Harm     .   (no gloves)
MR       .....                  (no barding)
Stlth    ++........             (no amulet)
HPRegen  0.13/turn              (no ring)
MPRegen  0.10/turn              (no ring)

@: appendage (expiring), very slow
A: large, horns 2, see invisible, deformed body, poison resistance, slowness 2,
slow metabolism 1, spit poison 1, AC +1
a: Spit Poison, End Transformation


You were in a sewer.
You were not hungry.
You had grown temporary horns.
You visited 1 branch of the dungeon, and saw 3 of its levels.
You also visited: Sewer.

You collected 53 gold pieces.

Inventory:

Hand Weapons
 a - a +0 dagger (weapon)
 p - a +0 whip
Missiles
 f - 23 stones (quivered)
 i - 4 arrows
Armour
 b - a +0 robe (worn)
 c - a +1 cloak (worn)
 o - a +0 chain mail
Scrolls
 d - 2 scrolls of enchant armour
 l - a scroll of teleportation
 m - a scroll of identify {unknown}
 q - a scroll of fear {unknown}
 s - a scroll of amnesia {unknown}
Potions
 g - a potion of might {unknown}
 j - a potion of resistance {unknown}
 k - a potion of heal wounds {unknown}
 n - a potion of curing {unknown}
 r - a potion of brilliance {unknown}
Comestibles
 e - 6 rations
 h - a chunk of flesh


   Skills:
 + Level 1.8 Fighting
 - Level 1.5 Dodging
 + Level 2.2 Stealth
 - Level 3.0 Unarmed Combat
 + Level 2.4 Spellcasting
 * Level 3.0 Transmutations


You had 4 spell levels left.
You knew the following spells:

 Your Spells              Type           Power        Failure   Level  Hunger
a - Beastly Appendage     Tmut           #.....       7%          1    #......
b - Sticks to Snakes      Tmut           #.......     11%         2    ###....

Your spell library contained the following spells:

 Spells                   Type           Power        Failure   Level  Hunger
 Spider Form              Tmut/Pois      #.........   36%         3    ###....
 Ice Form                 Ice/Tmut       #.......     78%         4    #####..
 Blade Hands              Tmut           #.........   89%         5    ######.


Dungeon Overview and Level Annotations

Branches:
Dungeon (3/15)              Sewer (1/1)

Altars:
Fedhas
Sif Muna
Uskayaw

Annotations:
D:2 Jessica Sewer Purgy


Innate Abilities, Weirdness & Mutations

You cannot wear boots.
Your serpentine skin is tough. (AC +1)
You have supernaturally acute eyesight. (SInv)
Armour fits poorly on your strangely shaped body.
Your system is resistant to poisons. (rPois)
You cover ground very slowly.
You have a slow metabolism.
You can spit poison.
You have a pair of horns on your head.


Message History

Purgy bites your ball python!
Your ball python dies!
Purgy hisses menacingly.
You barely miss Purgy. Purgy bites you.
* * * LOW HITPOINT WARNING * * *
Purgy claws you but does no damage. Purgy barely misses you.
You hit Purgy but do no damage. Purgy bites you.
* * * LOW HITPOINT WARNING * * *
Purgy barely misses you. x2
You closely miss Purgy. Your headbutt misses Purgy.
Your transformation is almost over.
Purgy barely misses you. Purgy claws you but does no damage. x2
You closely miss Purgy. Your headbutt misses Purgy. Purgy bites you!
* * * LOW HITPOINT WARNING * * *
Purgy claws you but does no damage. Purgy claws you.
* * * LOW HITPOINT WARNING * * *
You closely miss Purgy. Purgy barely misses you.
Purgy claws you but does no damage. x2
You closely miss Purgy. Purgy bites you!
You die...

#≈≈≈#
#≈≈≈#
#≈≈≈#
##########
+.≈≈≈.'..#
#.≈≈≈.#
#.≈≈≈.#
+.≈≈T.+
#.≈≈@.#
#.≈≈≈.#
+.≈≈≈.+
#.≈≈≈.#
####.≈≈≈.#
#∩....∩..+
####.≈≈≈.#
#.≈≈≈.#
+.≈≈≈.+


You could see Purgy.

Vanquished Creatures
  3 worms
  2 dart slugs (D:2)
  An orc (D:3)
  2 giant cockroaches
  4 goblins
  6 hobgoblins
  2 quokkas (D:2)
  3 ball pythons
  5 bats
  3 frilled lizards
  7 kobolds (D:1)
  7 rats
45 creatures vanquished.

Vanquished Creatures (collateral kills)
  A giant cockroach (D:2)
  A kobold (D:1)
2 creatures vanquished.

Grand Total: 47 creatures vanquished

Notes
Turn   | Place    | Note
-------+----------+-------------------------------------------
     0 | D:1      | Gumption the Naga Transmuter began the quest for the Orb.
     0 | D:1      | Reached XP level 1. HP: 18/18 MP: 3/3
   402 | D:1      | Reached XP level 2. HP: 25/25 MP: 3/5
   406 | D:1      | Learned a level 2 spell: Sticks to Snakes
   428 | D:1      | Reached skill level 1 in Stealth
  1637 | D:2      | Found a hide-covered altar of Uskayaw.
  1731 | D:2      | Reached XP level 3. HP: 30/31 MP: 4/6
  2259 | D:2      | Noticed Jessica
  2641 | D:3      | Found a blossoming altar of Fedhas.
  2647 | D:3      | Found a shimmering blue altar of Sif Muna.
  2912 | D:3      | Found a glowing drain.
  2923 | D:3      | Reached XP level 4. HP: 35/39 MP: 5/7
  2967 | Sewer    | Entered a sewer
  3085 | Sewer    | Noticed Purgy
  3097 | Sewer    | Slain by Purgy

Illustrated notes

Levels and vault maps discovered:
D:1:      dpeg_arrival_renting, layout_basic, serial_glass, glass_columns_b,
          glass_columns_c
D:2:      layout_loops_ring, eat_drink_and_be_merry_uskayaw, uniq_jessica
D:3:      layout_rooms, lemuel_crystal_altar, lemuel_round_altar,
          portal_sewer_entry_a, first_ration, fedhas_altar_2
Sewer:    kennysheep_door_sewer

Skill      XL: |  1  2  3 |
---------------+----------+-----
Stealth        | 1 2 |  2.2
Transmutations | 3 |  3.0
Fighting       | |  1.8
Dodging        | |  1.5
Unarmed Combat | |  3.0
Spellcasting   | |  2.4

Action                   |  1- 3 |  4- 6 || total
-------------------------+-------+-------++-------
Melee: Unarmed           |    54 |       ||    54
       Headbutt          |    24 |     2 ||    26
       Punch             |     1 |       ||     1
       Whip              |    24 |       ||    24
       Dagger            |   122 |    38 ||   160
Throw: Stone             |    37 |       ||    37
 Cast: Beastly Appendage |    30 |     2 ||    32
       Sticks to Snakes  |     5 |     3 ||     8
 Abil: Spit Poison       |     4 |       ||     4
  Use: Scroll            |     3 |       ||     3
  Eat: Chunk             |     5 |     2 ||     7
Armor: Robe              |    58 |    13 ||    71
Dodge: Dodged            |   111 |    21 ||   132

Table legend:
 A = Non-vault XP
 B = Vault XP
 C = Vault XP percentage of total XP
 D = Non-vault monster count
 E = Vault monster count
 F = Vault count percentage of total count
                 A         B        C        D         E       F
            +---------+---------+-------+---------+---------+-------
      Total |      83 |       2 |   2.4 |      45 |       2 |   4.3
            +---------+---------+-------+---------+---------+-------
        D:1 |      24 |       0 |   0.0 |      18 |       0 |   0.0
        D:2 |      43 |       1 |   2.3 |      22 |       1 |   4.3
        D:3 |      16 |       1 |   5.9 |       5 |       1 |  16.7
            +---------+---------+-------+---------+---------+-------
